 Dungeon Crawl Stone Soup version 0.17-a0-1805-g6093636 (webtiles) character file.

64 TruthSerum the Unweaver (level 3, 0/30 HPs)
             Began as a Demonspawn Abyssal Knight on Sept 13, 2015.
             Was a Follower of Lugonu.
             Slain by Malificent's ghost (2 damage)
             ... on level 3 of the Dungeon.
             The game lasted 00:07:25 (1043 turns).

TruthSerum the Unweaver (Demonspawn Abyssal Knight) Turns: 1043, Time: 00:07:25

Health: 0/30       AC:  4    Str: 12    XL:     3   Next: 91%
Magic:  5/5        EV: 11    Int: 13    God:    Lugonu [*.....]
Gold:   101        SH:  0    Dex: 13    Spells: 0 memorised, 2 levels left

rFire  . . .     SeeInvis .     a - +1 falchion
rCold  + . .     Clarity  .     f - +1 leather armour {rC+}
rNeg   . . .     SustAt   .     (no shield)
rPois  .         Gourm    .     (no helmet)
rElec  .         Spirit   .     (no cloak)
rCorr  .         Warding  .     (no gloves)
rMut   .         Stasis   .     (no boots)
MR     .....                    e - amulet of regeneration
Stlth  +.........               (no ring)
                                (no ring)

@: not resistant to hostile enchantments, very unstealthy
A: claws 1, spiny 1
a: Depart the Abyss, Renounce Religion


You were on level 3 of the Dungeon.
You worshipped Lugonu.
Lugonu was aware of your devotion.
You were not hungry.

You visited 1 branch of the dungeon, and saw 3 of its levels.
You visited the Abyss 1 time.

You collected 101 gold pieces.

Inventory:

Hand weapons
 a - a +1 falchion (weapon)
Armour
 f - a +1 leather armour of cold resistance (worn)
Jewellery
 e - an amulet of regeneration (around neck)
 i - an uncursed amulet of guardian spirit
Scrolls
 j - a scroll of fear
Potions
 b - a potion of agility
 l - a potion of flight
Comestibles
 c - 2 bread rations
 d - 5 chunks of flesh
 h - 2 meat rations


   Skills:
 + Level 3.7 Fighting
 + Level 2.5 Long Blades
 - Level 1.7 Armour
 - Level 0.8 Dodging
 + Level 3.7 Invocations


You had 2 spell levels left.
You didn't know any spells.

Dungeon Overview and Level Annotations

Branches:
Dungeon (3/15)

Altars:
Trog

Annotations:
D:3 Malificent's ghost, average DDHu


Innate Abilities, Weirdness & Mutations

You have sharp fingernails.
You are partially covered in sharp spines.


Message History

Malificent's ghost hits you. Malificent's ghost burns you.
You hit Malificent's ghost but do no damage.
Malificent's ghost is heavily damaged.
Malificent's ghost hits you.
* * * LOW HITPOINT WARNING * * *
Malificent's ghost burns you.
* * * LOW HITPOINT WARNING * * *
You slash Malificent's ghost!
Malificent's ghost is severely damaged.
Malificent's ghost hits you.
* * * LOW HITPOINT WARNING * * *
Malificent's ghost burns you.
* * * LOW HITPOINT WARNING * * *
Malificent's ghost is struck by your spines.
Malificent's ghost hits you but does no damage.
You hit Malificent's ghost.
Malificent's ghost is severely damaged.
Malificent's ghost is struck by your spines.
Malificent's ghost hits you.
You die...

#.# ### ... ...
####'###.##
......... #....#
#..).# ##.### ..
#W# ##.# #@#
#.... #.# #.#..#
#.#######.#...
#.........#...
####._.#..#.#.##
#...#..#...<# .
##..#..####)#..
#.....(.......
####.#####..#.


You could see Malificent's ghost.

Vanquished Creatures
  3 adders
  An ooze (D:3)
  A giant gecko (D:1)
  7 goblins
  4 hobgoblins (D:1)
  7 kobolds
  2 bats
  3 giant cockroaches
  2 giant newts
  A rat (D:2)
31 creatures vanquished.

Notes
Turn   | Place    | Note
--------------------------------------------------------------
     0 | Abyss:1  | TruthSerum the Demonspawn Abyssal Knight began the quest for the Orb.
     0 | Abyss:1  | Reached XP level 1. HP: 18/18 MP: 2/2
    36 | Abyss:1  | Noticed a thrashing horror
    37 | Abyss:1  | Noticed a fire elemental
    41 | D:1      | Escaped the Abyss
   170 | D:1      | Acquired Lugonu's first power
   225 | D:1      | Gained mutation: You are partially covered in sharp spines. [demonic ancestry]
   225 | D:1      | Reached XP level 2. HP: 16/24 MP: 4/4
   653 | D:2      | Gained mutation: You have sharp fingernails. [demonic ancestry]
   653 | D:2      | Reached XP level 3. HP: 22/29 MP: 5/5
  1019 | D:3      | Found a bloodstained altar of Trog.
  1029 | D:3      | Noticed Malificent's ghost (average DDHu)
  1042 | D:3      | HP: 1/30 [Malificent's ghost (1)]
  1043 | D:3      | Slain by Malificent's ghost

Vault maps used:
D:1:      dpeg_arrival_erosion
D:2:      lemuel_upstairs_altar, first_bread
D:3:      lemuel_round_altar, bloody_trog, st_stairs_12

Action                   || total
-------------------------++-------
Melee: Falchion          ||    63
Invok: Depart the Abyss  ||     1
  Use: Scroll            ||     9
  Eat: Chunk             ||     1
